 Dungeon Crawl Stone Soup version 0.31.0-11-ge490571c62 (webtiles) character file.

Game seed: 6715807932041072469

37 Silvore the Trooper (level 3, -2/29 HPs)
             Began as a Demonspawn Fighter on Feb 9, 2024.
             Slain by Terence
             ... wielding a +0 flail
              (5 damage)
             ... on level 2 of the Dungeon.
             The game lasted 00:01:26 (801 turns).

Silvore the Trooper (Demonspawn Fighter)             Turns: 801, Time: 00:01:27

Health: -2/29      AC:  6    Str: 18    XL:     3   Next: 21%
Magic:  3/3        EV:  8    Int:  8    God:
Gold:   83         SH:  9    Dex: 12    Spells: 2/2 levels left

rFire   . . .        a - +0 long sword
rCold   . . .        k - +1 kite shield
rNeg    . . .        b - +0 scale mail
rPois   .            (helmet restricted)
rElec   .            (no cloak)
rCorr   .            (no gloves)
SInv    .            (no boots)
Will    .....        (no amulet) Stlth
                     (no ring)
HPRegen 0.24/turn    (no ring)
MPRegen 0.08/turn

%: no passive effects
@: no status effects
A: horns 1
a: no special abilities


You were on level 2 of the Dungeon.
You visited 1 branch of the dungeon, and saw 2 of its levels.

You collected 83 gold pieces.

Inventory:

Hand Weapons
 a - a +0 long sword (weapon)
Armour
 b - a +0 scale mail (worn)
 c - a +0 buckler
 k - a +1 kite shield (worn)
Scrolls
 f - a scroll of summoning
 g - a scroll of identify
 j - a scroll of immolation
Potions
 d - a potion of might
 e - 2 potions of invisibility {unknown}
 l - a potion of heal wounds {unknown}
 o - 2 potions of degeneration


   Skills:
 + Level 3.1 Fighting
 + Level 2.2 Long Blades
 + Level 3.1 Armour
 + Level 0.5 Dodging
 + Level 3.0 Shields


You had 2 spell levels left.
You didn't know any spells.
Your spell library contained the following spells:

 Spells                   Type           Power      Damage    Failure   Level
 Passwall                 Erth           0%         N/A       100%        3
 Ignite Poison            Fire/Alch      0%         N/A       100%        4
 Borgnjor's Vile Clutch   Necr/Erth      0%         N/A       100%        5
 Lehudib's Crystal Spear  Conj/Erth      0%         10d2      100%        8


Dungeon Overview and Level Annotations

Branches:
Dungeon (2/15)

Altars:

Annotations:
D:2 Jessica, Robin, Terence


Innate Abilities, Weirdness & Mutations

You have a pair of small horns on your head.


Message History

You kill the frilled lizard!
You see here a frilled lizard corpse.
Key pressed, stopping explore.
Found a buckler.
Found a stone staircase leading up.
You now have 83 gold pieces (gained 13).
A bat comes into view.
The bat moves out of view.
Jessica the Apprentice Sorceress comes into view.
She is wielding a +0 dagger.
Jessica shouts!
You hear a shout!
Terence the Incautious comes into view.
He is wielding a +0 flail.
Jessica casts a spell.
Jessica blinks!
Jessica mumbles some strange words.
Jessica seems to speed up.
Robin of the Strong Arm comes into view.
They are wielding a +0 spear.
The goblin shouts!
You hit Terence.
Terence is moderately wounded.
You hear a bark!
You hear a shout!
Robin throws the goblin at you! You block Terence's attack.
You slash Terence! Your headbutt misses Terence.
Terence is severely wounded.
You block Jessica's attack. Terence hits you with a +0 flail!
The goblin barely misses you.
A jackal comes into view.
Jessica gestures at you while chanting. Pain shoots through your body!
* * * LOW HITPOINT WARNING * * *
You block the goblin's attack.
A goblin comes into view. It is wielding a +0 dagger.
You block Terence's attack.
The goblin shouts!
You hit Terence. Your headbutt misses Terence.
Terence is almost dead.
You hear a shout! x2
Jessica hits you with a +0 dagger.
* * * LOW HITPOINT WARNING * * *
You block Jessica's attack. Terence hits you with a +0 flail.
You die...
Terence says, "Rest in peace."

.....# .. ....## .## ####....
..# ...#...# # # ..# .....#
.##h.. #.#
##########...#####..>... #.#
...##...###..##g@@..g..g####.#
...............@###.###......##
............##......# #.###...#
...........#####..### # ##..#
...........# ####.# #..###
.....†)....#... ... #.....
...##.<...##.# #### # #.###.
########.##..# #.#.# ## #.....#
#...#


You could see Terence, Robin, Jessica (fast), a jackal and 2 goblins.

Vanquished Creatures
  An adder (D:2)
  A dart slug (D:1)
  A ball python (D:1)
  4 endoplasms (D:1)
  2 giant cockroaches
  A hobgoblin (D:1)
  A jackal (D:2)
  3 bats (D:1)
  3 frilled lizards
  2 goblins (D:2)
  2 kobolds (D:1)
  4 rats
25 creatures vanquished.

Notes
Turn   | Place    | Note
-------+----------+-------------------------------------------
     0 | D:1      | Silvore the Demonspawn Fighter began the quest for the Orb.
     0 | D:1      | Reached XP level 1. HP: 18/18 MP: 1/1
    50 | D:1      | You fall into a shaft and drop 1 floor!
   174 | D:1      | Gained mutation: You have a pair of small horns on your
                  | head. [demonic ancestry]
   174 | D:1      | Reached XP level 2. HP: 24/24 MP: 2/2
   416 | D:1      | Got the Encyclopedia of Roasted Cleavage
   673 | D:2      | Reached XP level 3. HP: 25/29 MP: 3/3
   793 | D:2      | Noticed Jessica
   795 | D:2      | Noticed Terence
   798 | D:2      | Noticed Robin
   801 | D:2      | Slain by Terence

Illustrated notes

Levels and vault maps discovered:
D:1:      lemuel_arrival_behind_the_door_small, layout_rooms
D:2:      layout_rooms, basic_altar, shapermc_ecumenical_altar_totnotflames,
          uniq_terence, uniq_jessica, uniq_robin

Skill      XL: |  1  2 |
---------------+-------+-----
Armour         | 3 |  3.1
Shields        | 3 |  3.0
Long Blades    | 2 |  2.2
Fighting       | |  3.1
Dodging        | |  0.5

Action                     || total
---------------------------++-------
  Melee: Long sword        ||    84
         Headbutt          ||     6
    Use: Scroll            ||     8
 Armour: Scale mail        ||    55
  Dodge: Dodged            ||    43
  Block: Buckler           ||    15
         Kite shield       ||    24
